 Dungeon Crawl Stone Soup version 0.23.1 (webtiles) character file.

Game seed: 18438886155294986397

35 dvd the Chiller (level 3, 0/19 HPs)
             Began as a Gargoyle Ice Elementalist on Mar 4, 2019.
             Slain by a worm (7 damage)
             ... on level 2 of the Dungeon.
             The game lasted 00:03:00 (1414 turns).

dvd the Chiller (Gargoyle Ice Elementalist)         Turns: 1414, Time: 00:03:00

Health: 0/19       AC:  5    Str: 11    XL:     3   Next: 33%
Magic:  0/6        EV: 12    Int: 15    God:
Gold:   65         SH:  0    Dex: 11    Spells: 0/6 levels left

rFire    . . .     SeeInvis .   f - +0 short sword
rCold    . . .     Gourm    .   (no shield)
rNeg     + . .     Faith    .   a - +0 robe
rPois    ∞         Spirit   .   (no helmet)
rElec    +         Reflect  .   (no cloak)
rCorr    +         Harm     .   (no gloves)
MR       .....                  (no boots)
Stlth    +++.......             (no amulet)
HPRegen  0.06/turn              h - ring of resist corrosion
MPRegen  0.10/turn              i - ring of stealth

@: no status effects
A: negative energy resistance 1, electricity resistance, unbreathing,
petrification resistance, rot immunity, AC +3
a: no special abilities


You were on level 2 of the Dungeon.
You were not hungry.

You visited 1 branch of the dungeon, and saw 2 of its levels.

You collected 65 gold pieces.

Inventory:

Hand Weapons
 f - a +0 short sword (weapon)
Armour
 a - a +0 robe (worn)
 j - a +0 ring mail
Jewellery
 h - a ring of resist corrosion (left hand)
 i - a ring of stealth (right hand)
Scrolls
 b - a scroll of identify {unknown}
 e - 2 scrolls of remove curse {unknown}
 g - a scroll of amnesia {unknown}
Potions
 d - a potion of curing {unknown}
Comestibles
 c - a ration
 k - 5 chunks of flesh


   Skills:
 + Level 0.2 Short Blades
 + Level 1.6 Dodging
 + Level 2.5 Stealth
 + Level 2.4 Spellcasting
 + Level 1.1 Conjurations
 + Level 3.7 Ice Magic


You couldn't memorise any spells.
You knew the following spells:

 Your Spells              Type           Power        Failure   Level  Hunger
a - Freeze                Ice            ##..         4%          1    #......
b - Throw Frost           Conj/Ice       #.....       12%         2    ###....
c - Ozocubu's Armour      Chrm/Ice       #.......     28%         3    ###....

Your spell library contained the following spells:

 Spells                   Type           Power        Failure   Level  Hunger
 Throw Icicle             Conj/Ice       #.......     61%         4    #####..
 Summon Ice Beast         Ice/Summ       #.......     67%         4    #####..


Dungeon Overview and Level Annotations

Branches:
Dungeon (2/15)

Altars:
Okawaru


Innate Abilities, Weirdness & Mutations

You are resistant to torment.
Your stone body is resilient. (AC +3)
You are immune to poison.
You resist negative energy. (rN+)
You are resistant to electric shocks. (rElec)
You can survive without breathing.
You are immune to petrification.
You are immune to rotting.


Message History

Press: ? - help, Shift-Dir - straight line, f/p - worm
Aim: a worm (heavily wounded)
You freeze the worm.
The worm is severely wounded.
The goblin shoots a stone.
The stone hits you but does no damage. The worm bites you!
Casting: Freeze (safe; 4% risk of failure)
Confirm with . or Enter, or press ? or * to list all spells.
Aiming: Freeze (safe; 4% risk of failure)
Press: ? - help, Shift-Dir - straight line, f/p - worm
Aim: a worm (heavily wounded)
You freeze the worm.
The worm is almost dead.
The goblin shoots a stone.
The stone completely misses you.
The stone barely misses the goblin.
Unknown command.
You hit the worm but do no damage.
The worm is almost dead.
The goblin barely misses you. The worm bites you!
You die...

.. #. ###.. g.
#... .gg. #.gg
... #..# ##.##
#.
#..###...##...
#.@##.....#.#
#gw#........#
#...........#.
#..(..........
#...........#
#####....##.#
#.#### #.# #.#


You could see a worm and 3 goblins.

Vanquished Creatures
  An adder skeleton (D:2)
  An adder zombie (D:2)
  2 dart slugs
  6 bats
  3 giant cockroaches (D:1)
  A goblin (D:1)
  3 hobgoblins
  3 frilled lizards (D:1)
  2 kobolds (D:1)
  4 rats
26 creatures vanquished.

Notes
Turn   | Place    | Note
-------+----------+-------------------------------------------
     0 | D:1      | dvd the Gargoyle Ice Elementalist began the quest for the
                  | Orb.
     0 | D:1      | Reached XP level 1. HP: 10/10 MP: 3/3
   186 | D:1      | Reached XP level 2. HP: 8/15 MP: 0/5
  1019 | D:2      | Reached XP level 3. HP: 11/19 MP: 3/6
  1121 | D:2      | Found an iron altar of Okawaru.
  1293 | D:2      | Learned a level 2 spell: Throw Frost
  1297 | D:2      | Learned a level 3 spell: Ozocubu's Armour
  1414 | D:2      | Slain by a worm

Action                   || total
-------------------------++-------
Melee: Short sword       ||    40
       Unarmed           ||     2
 Cast: Freeze            ||    38
       Throw Frost       ||     1
 Stab: Sleeping          ||     6
  Eat: Chunk             ||     2
Armor: Robe              ||    23
Dodge: Dodged            ||    43
